 Dungeon Crawl Stone Soup version 0.20.1-1-g8b1a95d (webtiles) character file.

276 raph the Conjurer (level 6, 0/49 HPs)
             Began as a Draconian Conjurer on Dec 25, 2017.
             Succumbed to an adder's poison
             ... in a sewer.
             The game lasted 00:08:10 (3677 turns).

raph the Conjurer (Draconian Conjurer)              Turns: 3677, Time: 00:08:11

Health: 0/49       AC:  6    Str: 10    XL:     6   Next: 4%
Magic:  10/10      EV: 13    Int: 17    God:
Gold:   99         SH:  0    Dex: 12    Spells: 5/11 levels left

rFire    . . .     SeeInvis .   m - +0 short sword (elec)
rCold    . . .     Gourm    .   (no shield)
rNeg     . . .     Faith    .   (armour unavailable)
rPois    .         Spirit   .   (helmet restricted)
rElec    .         Reflect  .   (no cloak)
rCorr    .         Harm     .   (no gloves)
MR       .....                  (no boots)
Stlth    +.........             (no amulet)
Regen    0.2/turn               (no ring)
MPRegen  0.2/turn               (no ring)

@: lethally poisoned (0 -> -15), very slow
A: unfitting armour, cold-blooded, AC +6
a: no special abilities


You were in a sewer.
You were hungry.

You visited 1 branch of the dungeon, and saw 3 of its levels.
You also visited: Sewer.

You collected 99 gold pieces.

Inventory:

Hand Weapons
 c - a +0 dagger
 f - a +0 short sword
 m - a +0 short sword of electrocution (weapon)
Missiles
 i - a throwing net (quivered)
Scrolls
 d - a scroll of identify
 k - a scroll of enchant armour {unknown}
 n - a scroll of random uselessness {unknown}
 o - 2 scrolls of recharging {unknown}
 p - a scroll of enchant weapon {unknown}
 q - 2 scrolls of magic mapping {unknown}
 r - a scroll of fog {unknown}
Potions
 e - 2 potions of invisibility
 s - 2 potions of heal wounds {unknown}
 t - a potion of curing {unknown}
 u - 2 potions of might {unknown}
Books
 a - a book of Conjurations

   Spells                             Type                      Level
   a - Magic Dart                     Conjuration                  1
   b - Searing Ray                    Conjuration                  2
   c - Dazzling Spray                 Conjuration/Hexes            3
   d - Fulminant Prism                Conjuration/Hexes            4
   e - Force Lance                    Conjuration/Translocation    4
   f - Iskenderun's Mystic Blast      Conjuration                  4
Comestibles
 b - a bread ration
 g - 2 fruits
 l - a chunk of flesh


   Skills:
 + Level 2.3 Fighting
 + Level 0.6 Short Blades
 + Level 2.8 Dodging
 + Level 2.9 Stealth
 + Level 3.0 Spellcasting
 * Level 5.2 Conjurations


You had 5 spell levels left.
You knew the following spells:

 Your Spells              Type           Power        Failure   Level  Hunger
a - Magic Dart            Conj           ###.         1%          1    None
b - Searing Ray           Conj           ###...       3%          2    ##.....
c - Dazzling Spray        Conj/Hex       ##....       19%         3    ###....


Dungeon Overview and Level Annotations

Branches:
Dungeon (3/15)

Altars:


Innate Abilities, Weirdness & Mutations

Your plain brown scales are hard. (AC +6)
You cannot fit into any form of body armour.
You are cold-blooded and may be slowed by cold attacks.


Message History

Moving in this stuff is going to be slow.
The adder closely misses you. x2; The adder bites you.
* * * LOW HITPOINT WARNING * * *
You are poisoned.
The adder poisons you! The bullfrog misses you. The adder closely misses you.
You hit the adder.
Your tail-slap misses the adder.
The adder is severely wounded.
You feel sick. The bullfrog hits you.
* * * LOW HITPOINT WARNING * * *
The adder completely misses you.
The adder bites you but does no damage. x2
The bullfrog misses you. The adder bites you.
* * * LOW HITPOINT WARNING * * *
You are lethally poisoned!
The adder poisons you! The adder bites you.
* * * LOW HITPOINT WARNING * * *
You are more poisoned.
The adder poisons you!
Unknown command.
It was a potion of magic.
Magic courses through your body.
You die...

#......##..###.....
##≈.≈..##..# ##≈.≈≈
#≈≈≈≈≈≈##### #≈≈≈≈≈
#≈≈≈≈≈≈# #≈≈≈≈≈
#≈≈≈≈≈≈# #≈≈≈≈≈
#≈≈≈≈≈≈# #≈≈≈≈≈
#≈≈≈≈≈≈# #≈≈≈≈≈
#≈≈S≈≈≈# #≈÷..≈
#≈@#≈≈≈# #≈≈.(≈
#SFS≈≈≈# #≈≈..≈
#†JJ≈≈≈# #≈≈≈≈≈
#≈≈≈≈≈≈# #≈≈≈≈≈
#≈≈≈≈≈≈# #≈≈≈≈≈
#≈≈≈≈≈≈# #≈≈≈≈≈
#≈≈≈≈≈≈# #≈≈≈≈≈
#≈≈≈≈≈≈# #≈≈≈≈≈
#≈≈≈≈≈≈# #≈≈≈≈≈


You could see a bullfrog (inner flame), 2 oozes and 3 adders.

Vanquished Creatures
  A bullfrog (Sewer)
  8 adders
  5 river rats (Sewer)
  An ooze (Sewer)
  2 worms (D:2)
  4 leopard geckos
  An orc (D:3)
  A giant cockroach (D:3)
  4 goblins
  13 hobgoblins
  10 ball pythons (Sewer)
  A bat (D:1)
  7 frilled lizards
  8 kobolds
  27 rats
93 creatures vanquished.

Notes
Turn   | Place    | Note
-------+----------+-------------------------------------------
     0 | D:1      | raph the Draconian Conjurer began the quest for the Orb.
     0 | D:1      | Reached XP level 1. HP: 14/14 MP: 3/3
   836 | D:1      | Reached XP level 2. HP: 19/20 MP: 5/5
   840 | D:1      | Learned a level 2 spell: Searing Ray
  1649 | D:2      | Reached XP level 3. HP: 27/27 MP: 0/6
  2183 | D:2      | Reached skill level 1 in Fighting
  2183 | D:2      | Reached XP level 4. HP: 35/35 MP: 1/7
  2768 | D:3      | Found a glowing drain.
  2804 | Sewer    | Entered a sewer
  2983 | Sewer    | Reached XP level 5. HP: 33/41 MP: 5/8
  3010 | Sewer    | Learned a level 3 spell: Dazzling Spray
  3427 | Sewer    | Reached skill level 5 in Conjurations
  3666 | Sewer    | Reached XP level 6. HP: 39/48 MP: 1/10
  3676 | Sewer    | HP: 1/49 [adder (3)]
  3677 | Sewer    | Succumbed to an adder's poison

Skill      XL: |  1  2  3  4  5 |
---------------+----------------+-----
Dodging        | 2 |  2.8
Stealth        | 2 |  2.9
Fighting       | 1 2 |  2.3
Conjurations   | 5 |  5.2
Spellcasting   | 3 |  3.0
Short Blades   | |  0.6

Action                   |  1- 3 |  4- 6 || total
-------------------------+-------+-------++-------
Melee: Dagger            |    34 |       ||    34
       Tailslap          |     3 |     7 ||    10
       Short sword       |    28 |    92 ||   120
 Cast: Magic Dart        |    37 |    40 ||    77
       Searing Ray       |    10 |     7 ||    17
       Dazzling Spray    |       |     1 ||     1
  Use: Scroll            |       |     2 ||     2
       Potion            |       |     1 ||     1
 Stab: Sleeping          |     4 |       ||     4
       Distracted        |       |     1 ||     1
  Eat: Chunk             |     5 |     5 ||    10
Armor: Skin              |    16 |    38 ||    54
Dodge: Dodged            |    38 |   119 ||   157
